 Dungeon Crawl Stone Soup version 0.20-a0-214-gb74cb0e (webtiles) character file.

8415 Gorice the Nimble (level 11, -3/73 HPs)
             Began as a Kobold Arcane Marksman on Nov 26, 2016.
             Was an Elder of Okawaru.
             Slain by a sixfirhy (12 damage)
             ... summoned by a kobold demonologist
             ... on level 9 of the Dungeon on Nov 27, 2016.
             The game lasted 01:05:58 (16432 turns).

Gorice the Nimble (Kobold Arcane Marksman)         Turns: 16432, Time: 01:06:02

Health: -3/73      AC: 14    Str: 13    XL:     11   Next: 55%
Magic:  12/12      EV: 19    Int: 12    God:    Okawaru [****..]
Gold:   548        SH:  0    Dex: 14    Spells: 11/12 levels left

rFire  + . .     SeeInvis .     a - +0 quarterstaff
rCold  . . .     Gourm    .     S - +7 ring mail "Gytahunn" {rCorr Int-2 Stlth+}
rNeg   . . .     Faith    +     (shield currently unavailable)
rPois  .         Spirit   .     (no helmet)
rElec  .         Reflect  .     l - +1 cloak
rCorr  +         Harm     .     (no gloves)
MR     .....                    (no boots)
Stlth  ++........               r - amulet of faith {!P}
                                (no ring)
                                F - ring of protection from fire

@: no status effects
A: carnivore 3
a: Heroism, Renounce Religion


You were on level 9 of the Dungeon.
You worshipped Okawaru.
Okawaru was greatly pleased with you.
You were completely stuffed.

You visited 2 branches of the dungeon, and saw 12 of its levels.

You collected 548 gold pieces.

Inventory:

Hand Weapons
 a - a +0 quarterstaff (weapon)
 b - a +1 hand crossbow
 g - a +0 flail
 t - a +0 blowgun
 B - a +0 morningstar
 C - a +4 dagger
 G - a +0 whip of pain
   (You found it on level 8 of the Dungeon)
 J - a +1 whip of draining
   (You took it off a gnoll on level 7 of the Dungeon)
 P - a +0 scimitar
Missiles
 d - 2 bolts
 e - 6 tomahawks (quivered)
 v - 25 poisoned needles
 z - 7 tomahawks of dispersal
 Z - 222 stones
Armour
 j - a +3 leather armour of positive energy
   (You found it on level 1 of the Dungeon)
 l - a +1 cloak (worn)
 K - a +0 chain mail of poison resistance
   (You took it off an orc warrior on level 8 of the Dungeon)
 R - a +0 ring mail
 S - the +7 ring mail "Gytahunn" (worn) {rCorr Int-2 Stlth+}
   (You found it on level 9 of the Dungeon)

   It affects your intelligence (-2).
   It protects you from acid and corrosion.
   It makes you more stealthy.
Magical Staves
 A - an uncursed staff of death
Jewellery
 r - an amulet of faith (around neck) {!P}
 F - a ring of protection from fire (left hand)
Wands
 u - a wand of slowing (2/48)
 x - a wand of confusion (2/48)
 H - a wand of teleportation (5/9) {!d}
 O - a wand of acid (0/15)
Scrolls
 h - 2 scrolls of recharging
 o - 7 scrolls of remove curse
 w - a scroll of amnesia
 E - 2 scrolls of teleportation {!r}
 I - 4 scrolls of enchant armour
 M - 2 scrolls of enchant weapon
 X - a scroll of fog
Potions
 i - 2 potions of agility {!q}
 k - a potion of might {!q}
 m - 5 potions of ambrosia
 n - a potion of haste {!q}
 p - 2 potions of magic {!q}
 s - a potion of mutation {!q}
 L - a potion of resistance {!q}
 N - a potion of curing {unknown}
 Q - 3 potions of cancellation {unknown}
 T - 2 potions of heal wounds {!q}
 V - 2 potions of lignification {unknown}
 W - a potion of beneficial mutation {unknown}
Books
 c - a book of Debilitation
 y - a book of Battle
 U - a book of Maledictions
Comestibles
 f - 4 meat rations {!e}
 q - 2 beef jerkies
 D - 6 chunks of flesh


   Skills:
 + Level 10.5 Fighting
 * Level 6.7 Staves
 - Level 10.0 Crossbows
 + Level 1.2 Armour
 - Level 10.6 Dodging
 - Level 1.1 Spellcasting
 - Level 3.0 Hexes
 - Level 2.0 Invocations


You had 11 spell levels left.
You knew the following spells:

 Your Spells              Type           Power        Failure   Level  Hunger
a - Corona                Hex            #......      21%         1    ##.....


Dungeon Overview and Level Annotations

Branches:
Dungeon (11/15)            Temple (1/1) D:5             Orc (0/2) D:9
   Lair: D:8-11

Altars:
Ashenzari
Cheibriados
Dithmenos
Elyvilon
Fedhas
Gozag
Hepliaklqana
Kikubaaqudgha
Makhleb
Nemelex Xobeh
Okawaru
Qazlal
Ru
Sif Muna
Trog
Uskayaw
Vehumet
Xom
Yredelemnul
Zin
The Shining One

Shops:
D:10 (

Annotations:
D:6 KristoblXynda's ghost, novice DrSk


Innate Abilities, Weirdness & Mutations

You are small and have problems with some larger weapons.
You are carnivorous and can eat meat at any time.


Message History

You closely miss the kobold demonologist.
The kobold demonologist is severely wounded.
The white imp shouts, "Bolt, thou horrid fob-snatching pimple!"
The ice devil misses you.
The kobold demonologist gestures wildly while chanting.
You sock the kobold demonologist!
The kobold demonologist is almost dead.
The crimson imp barely misses you. The ice devil misses you.
The kobold demonologist hits you but does no damage.
You barely miss the kobold demonologist.
The kobold demonologist is almost dead.
The crimson imp blinks!
The ice devil hits you but does no damage.
The kobold demonologist mumbles some strange words.
You closely miss the kobold demonologist.
The kobold demonologist is almost dead.
The sixfirhy closely misses you. The ice devil misses you.
The kobold demonologist hits you but does no damage.
You miss the kobold demonologist.
The kobold demonologist is almost dead.
The sixfirhy closely misses you. The sixfirhy barely misses you. x2
The crimson imp blinks!
The sixfirhy hits you. The sixfirhy shocks you!
The ice devil hits you but does no damage.
The kobold demonologist closely misses you.
Damage: 13 (max 23)
You hit the kobold demonologist but do no damage.
The kobold demonologist is almost dead.
The sixfirhy completely misses you. The ice devil hits you!
* * * LOW HITPOINT WARNING * * *
The ice devil freezes you!
* * * LOW HITPOINT WARNING * * *
The kobold demonologist barely misses you.
Evoke which item? (* to show all) (? for menu, Esc to quit)
Zapping:
O - a wand of acid (?/15) {zapped: 3} (will waste charges)
Press: ? - help, Shift-Dir - straight line, f - kobold demonologist
Aim: a kobold demonologist, wielding a dagger of flaming and wearing a robe (almost dead) Nothing appears to happen.
The ice devil barely misses you.
The kobold demonologist closely misses you.
Damage: 22 (max 23) Really quaff
T - 3 potions of heal wounds {!q}? [Y]es or [N]o only, please.
Really quaff
T - 3 potions of heal wounds {!q}?
You feel much better. The sixfirhy closely misses you. The ice devil hits you.
* * * LOW HITPOINT WARNING * * *
The ice devil freezes you!!
* * * LOW HITPOINT WARNING * * *
The kobold demonologist misses you. The sixfirhy hits you.
* * * LOW HITPOINT WARNING * * *
The sixfirhy shocks you!
You die...

#.#.##.#.#.#.#.[...# #......#
#.#.##.#.#.#...###.######.###.##
#.#.##<#.#.##).# #...[......#.#
#.#......#.##..# ########.#.#.#
#.########.##..# #.#.#.#
#..........##..## #.#.#.#
#############..5# #.#.#.# #534#
#.#.#.# #4K@# #.#...#
#5###########T#####
#......T......# ###############


You could see 2 ice devils, a kobold demonologist, a sixfirhy, a crimson imp, a
white imp and an ufetubus.

Vanquished Creatures
  3 trolls
  A hornet (D:9)
  A two-headed ogre (D:9)
  2 hippogriffs
  8 yaks
  A wyvern (D:9)
  A vampire (D:9)
  Grum (D:9)
  3 wargs (D:9)
  A water moccasin (D:5)
  3 orc warriors
  2 phantoms
  A sky beast (D:9)
  An ice beast (D:8)
  4 necrophages (D:7)
  4 wolves (D:9)
  5 ogres
  3 centaurs
  11 bullfrogs
  2 scorpions
  A water moccasin skeleton (D:4)
  10 killer bees
  4 crimson imps
  4 bullfrog zombies
  2 centaur zombies
  A hound (D:7)
  6 jellies
  7 orc priests
  A centaur skeleton (D:4)
  A bullfrog skeleton (D:6)
  8 orc wizards
  4 iguanas
  8 worker ants
  A hound zombie (D:7)
  A hound skeleton (D:5)
  2 mummies
  5 worker ant zombies
  10 gnolls
  12 adders
  A howler monkey skeleton (D:5)
  3 shadow imps
  2 oozes
  An adder skeleton (D:4)
  A worm (D:2)
  6 leopard geckos
  27 orcs
  6 bats
  6 giant cockroaches
  5 goblins
  12 hobgoblins
  6 jackals
  8 quokkas
  5 frilled lizards
  11 kobolds
  2 leopard gecko skeletons
  2 quokka skeletons
  12 rats
262 creatures vanquished.

Vanquished Creatures (others)
  An orc (D:6)
  A bush (D:7)
  10 plants
12 creatures vanquished.

Grand Total: 274 creatures vanquished

Notes
Turn   | Place    | Note
-------+----------+-------------------------------------------
     0 | D:1      | Gorice the Kobold Arcane Marksman began the quest for the Orb.
     0 | D:1      | Reached XP level 1. HP: 12/12 MP: 2/2
   272 | D:1      | Reached XP level 2. HP: 16/16 MP: 3/3
   303 | D:1      | Reached skill level 3 in Crossbows
   495 | D:1      | Reached XP level 3. HP: 21/21 MP: 4/4
   550 | D:1      | Reached skill level 2 in Fighting
  1399 | D:2      | Reached skill level 4 in Crossbows
  1614 | D:2      | Reached XP level 4. HP: 27/27 MP: 5/5
  1694 | D:2      | HP: 6/27 [worm (11)]
  1700 | D:2      | HP: 3/27 [adder (3)]
  2428 | D:3      | Reached skill level 3 in Dodging
  2496 | D:3      | Reached XP level 5. HP: 26/32 MP: 6/6
  2741 | D:3      | Reached skill level 3 in Fighting
  3357 | D:4      | Noticed an ogre
  3364 | D:4      | Killed an ogre
  3364 | D:4      | Reached XP level 6. HP: 35/37 MP: 7/7
  3412 | D:4      | Found an opulent altar of Gozag.
  3668 | D:4      | Reached skill level 4 in Dodging
  3680 | D:4      | Noticed an ogre
  3859 | D:4      | Noticed a phantom
  3870 | D:4      | Killed a phantom
  3870 | D:4      | Reached skill level 4 in Fighting
  3870 | D:4      | Reached skill level 5 in Crossbows
  3966 | D:4      | Reached XP level 7. HP: 38/43 MP: 8/8
  4048 | D:4      | HP: 11/43 [centaur skeleton (7)]
  4102 | D:3      | Reached skill level 5 in Dodging
  4699 | D:4      | Reached skill level 6 in Crossbows
  4908 | D:5      | Entered Level 5 of the Dungeon
  4910 | D:5      | Reached skill level 5 in Fighting
  4923 | D:5      | Found a blossoming altar of Fedhas.
  5163 | D:5      | Reached XP level 8. HP: 43/49 MP: 9/9
  5199 | D:5      | Reached skill level 6 in Dodging
  5650 | D:5      | Found a staircase to the Ecumenical Temple.
  5669 | Temple   | Entered the Ecumenical Temple
  6231 | D:6      | Found an ancient bone altar of Kikubaaqudgha.
  6238 | D:6      | Noticed KristoblXynda's ghost (novice DrSk)
  6279 | D:5      | Reached skill level 7 in Crossbows
  6655 | D:6      | HP: 9/51 [orc priest/divine providence (10)]
  7036 | D:6      | Reached skill level 6 in Fighting
  7082 | D:7      | Found a stormy altar of Qazlal.
  7182 | D:7      | Reached skill level 7 in Dodging
  7391 | D:7      | Found a shattered altar of Ashenzari.
  7391 | D:7      | Found a hazy altar of Hepliaklqana.
  7724 | D:7      | Reached XP level 9. HP: 56/56 MP: 10/10
  7759 | D:7      | Noticed a troll
  7766 | D:7      | Killed a troll
  7766 | D:7      | Reached skill level 7 in Fighting
  7766 | D:7      | Reached skill level 8 in Crossbows
  7904 | D:7      | Found an iron altar of Okawaru.
  7912 | D:7      | Became a worshipper of Warmaster Okawaru
  8019 | D:7      | Reached skill level 8 in Dodging
  8617 | D:7      | Found a blossoming altar of Fedhas.
  8627 | D:7      | Reached skill level 9 in Crossbows
  8770 | D:8      | Reached * piety under Okawaru
  8826 | D:8      | Upgraded the game from 0.20-a0-210-gd6c29eb to 0.20-a0-214-gb74cb0e
  8994 | D:8      | HP: 14/58 [centaur/arrow (5)]
  9019 | D:8      | HP: 11/58 [centaur/arrow (7)]
  9026 | D:7      | HP: 11/58 [orc/flail (2)]
  9036 | D:7      | HP: 11/58 [orc/flail (2)]
  9584 | D:8      | Reached skill level 9 in Dodging
  9760 | D:8      | Reached skill level 8 in Fighting
  9847 | D:8      | Found a hazy altar of Hepliaklqana.
 10036 | D:9      | Reached XP level 10. HP: 64/64 MP: 11/11
 10339 | D:9      | Reached ** piety under Okawaru
 10994 | D:9      | Got a shimmering ring mail
 11005 | D:9      | Identified the +7 ring mail "Gytahunn" {rCorr Int-2 Stlth+} (You found it on level 9 of the Dungeon)
 11131 | D:9      | Reached skill level 10 in Crossbows
 11188 | D:9      | Reached skill level 1 in Staves
 11283 | D:9      | Noticed Grum
 11309 | D:9      | Killed Grum
 11309 | D:9      | Reached skill level 9 in Fighting
 11309 | D:9      | Reached skill level 10 in Dodging
 11327 | D:9      | Reached skill level 2 in Staves
 11570 | D:9      | Reached *** piety under Okawaru
 11631 | D:9      | HP: 15/66 [warg (10)]
 11632 | D:9      | HP: 4/66 [warg (12)]
 11637 | D:9      | HP: 10/66 [warg (14)]
 11919 | D:9      | Found a staircase to the Orcish Mines.
 11975 | D:9      | Reached skill level 3 in Staves
 12645 | D:10     | Entered Level 10 of the Dungeon
 12932 | D:10     | Reached skill level 1 in Invocations
 13140 | D:10     | HP: 18/67 [yak (8)]
 13144 | D:9      | Reached skill level 4 in Staves
 13144 | D:9      | Reached XP level 11. HP: 20/72 MP: 9/12
 13679 | D:9      | Reached **** piety under Okawaru
 13856 | D:10     | Reached skill level 2 in Invocations
 13898 | D:9      | Reached skill level 10 in Fighting
 13985 | D:9      | HP: 21/72 [troll (6)]
 14287 | D:9      | Reached skill level 5 in Staves
 14588 | D:10     | Found Jaezeuh's Weapon Emporium.
 14676 | D:10     | Reached skill level 6 in Staves
 15006 | D:11     | Noticed a purple ugly thing
 15307 | D:6      | Found a white marble altar of Elyvilon.
 16035 | D:7      | Reached skill level 1 in Armour
 16426 | D:9      | Noticed a sixfirhy
 16430 | D:9      | HP: 17/73 [ice devil[a kobold demonologist] (15)]
 16432 | D:9      | Slain by a sixfirhy

Vault maps used:
D:1:      dpeg_arrival_line_fractal
D:2:      minmay_hedge_maze
D:3:      minmay_misc_feat_square, minmay_tree_intersection,
          hangedman_decor_riveting, lexackson_kobold_supper
D:4:      kennysheep_six_static_rooms, grunt_gozag_breadcrumbs, first_bread
D:5:      kb_forest_paths, kennysheep_mini
D:6:      lemuel_crystal_altar, basic_altar
D:7:      okawaru_altar_gauntlet_db, overflow_temple_1_default,
          amethyst_overflow_temple_binary, fedhas_altar_decomposition
D:8:      basic_altar
D:9:      minmay_orc_entry_guard_dogs, uniq_grum
D:10:     serial_shops, kennysheep_mini_moat
D:11:     kennysheep_blocky_hall, serial_shops, shop, serial_undead,
          serial_undead_a, serial_undead_d, serial_undead_e, serial_undead_e,
          hangedman_stone_soup, minmay_misc_feat_ornament
Temple:   eino_temple_water

Skill      XL: |  1  2  3  4  5  6  7  8  9 10 11 |
---------------+----------------------------------+-----
Crossbows      | 3 4 5 6 7 9 10 | 10.0
Fighting       | 2 3 4 5 6 8 9 10 | 10.5
Dodging        | 3 4 5 7 9 10 | 10.6
Staves         | 4 6 |  6.7
Invocations    | 1 2 |  2.0
Armour         | 1 |  1.2
Spellcasting   | |  1.1
Hexes          | |  3.0

Action                   |  1- 3 |  4- 6 |  7- 9 | 10-12 || total
-------------------------+-------+-------+-------+-------++-------
Melee: Mace              |     7 |    52 |       |       ||    59
       Unarmed           |     1 |       |       |       ||     1
       Dagger            |       |     9 |   412 |   180 ||   601
       Quarterstaff      |       |       |       |   561 ||   561
 Fire: Hand crossbow     |    86 |    79 |   132 |    55 ||   352
Throw: Stone             |       |     4 |       |       ||     4
       Tomahawk          |       |       |    14 |    12 ||    26
 Cast: Corona            |       |       |    14 |    29 ||    43
Invok: Heroism           |       |       |       |    12 ||    12
Evoke: Wand              |       |     1 |    12 |    10 ||    23
  Use: Scroll            |       |    10 |    11 |     5 ||    26
       Potion            |       |     1 |       |     3 ||     4
 Stab: Sleeping          |       |       |     1 |     4 ||     5
       Confused          |       |       |     1 |       ||     1
       Distracted        |       |       |       |     1 ||     1
  Eat: Chunk             |    10 |     8 |    20 |    22 ||    60
Armor: Leather armour    |    13 |    29 |    92 |     5 ||   139
       Ring mail         |       |       |       |   201 ||   201
Dodge: Dodged            |    47 |    94 |   441 |   818 ||  1400

Table legend:
 A = Turns spent in this place as a percentage of turns spent in the entire game.
 B = Non-inter-level travel turns spent in this place as a percentage of non-inter-level travel turns spent in the entire game.
 C = Inter-level travel turns spent in this place as a percentage of turns spent in this place.
 D = Turns resting spent in this place as a percentage of non-inter-level travel turns spent in this place.
 E = Turns spent auto-exploring this place as a percentage of non-inter-level travel turns spent in this place.
 F = Non-inter-level travel turns spent in this place divided by the number of levels of this place that you've seen.
                   A       B       C       D       E      F
               +-------+-------+-------+-------+-------+----------------------
         Total | 100.0 | 100.0 |   0.6 |   2.4 |   4.2 | 452.8
       Dungeon |  99.0 |  99.0 |   0.6 |   2.5 |   4.2 | 489.0
        Temple |   1.0 |   1.0 |   1.8 |   0.0 |   3.6 |  55.0
               +-------+-------+-------+-------+-------+----------------------

Vault maps used:
D:1:      dpeg_arrival_line_fractal
D:2:      minmay_hedge_maze
D:3:      minmay_misc_feat_square, minmay_tree_intersection,
          hangedman_decor_riveting, lexackson_kobold_supper
D:4:      kennysheep_six_static_rooms, grunt_gozag_breadcrumbs, first_bread
D:5:      kb_forest_paths, kennysheep_mini
D:6:      lemuel_crystal_altar, basic_altar
D:7:      okawaru_altar_gauntlet_db, overflow_temple_1_default,
          amethyst_overflow_temple_binary, fedhas_altar_decomposition
D:8:      basic_altar
D:9:      minmay_orc_entry_guard_dogs, uniq_grum
D:10:     serial_shops, kennysheep_mini_moat
D:11:     kennysheep_blocky_hall, serial_shops, shop, serial_undead,
          serial_undead_a, serial_undead_d, serial_undead_e, serial_undead_e,
          hangedman_stone_soup, minmay_misc_feat_ornament
Temple:   eino_temple_water
